 Dungeon Crawl Stone Soup version 0.31-a0-848-gaac375c287 (webtiles) character file.

Game seed: 2185217904909270393

135 rageheart7 the Magician (level 4, -3/24 HPs)
             Began as a Deep Elf Earth Elementalist on Oct 5, 2023.
             Slain by a gnoll
             ... wielding a +0 flail
              (11 damage)
             ... on level 3 of the Dungeon.
             The game lasted 00:03:53 (2043 turns).

rageheart7 the Magician (DEEE)                      Turns: 2043, Time: 00:03:54

Health: -3/24      AC:  2    Str:  5    XL:     4   Next: 96%
Magic:  8/13       EV: 13    Int: 22    God:
Gold:   97         SH:  0    Dex: 15    Spells: 9/13 levels left

rFire   . . .        (no weapon)
rCold   . . .        (no shield)
rNeg    . . .        a - +0 robe
rPois   .            (no helmet)
rElec   .            (no cloak)
rCorr   .            (no gloves)
SInv    .            (no boots)
Will    .....        (no amulet)
Stlth   ++           (no ring)
HPRegen 0.24/turn    (no ring)
MPRegen 0.13/turn

%: no passive effects
@: no status effects
A: no striking features
a: no special abilities


You were on level 3 of the Dungeon.
You visited 1 branch of the dungeon, and saw 3 of its levels.

You collected 97 gold pieces.

Inventory:

Missiles
 c - 5 javelins
 h - 6 boomerangs
Armour
 a - a +0 robe (worn)
Scrolls
 d - 2 scrolls of teleportation {unknown}
 e - 3 scrolls of fear {unknown}
 g - a scroll of amnesia
Potions
 b - a potion of magic
 f - a potion of enlightenment
 i - a potion of resistance
 j - a potion of might {unknown}


   Skills:
 - Level 2.8 Dodging
 - Level 2.8 Stealth
 + Level 5.0 Spellcasting
 - Level 1.6 Transmutations
 + Level 4.7 Earth Magic


You had 9 spell levels left.
You knew the following spells:

 Your Spells              Type           Power      Damage    Failure   Level
a - Sandblast             Erth           52%        2d12      1%          1
b - Stone Arrow           Conj/Erth      30%        3d8       12%         3

Your spell library contained the following spells:

 Spells                   Type           Power      Damage    Failure   Level
 Passwall                 Tmut/Erth      15%        N/A       4%          2
 Petrify                  Tmut/Erth      19%        N/A       26%         4
 Brom's Barrelling Bould  Conj/Erth      15%        2d4       36%         4


Dungeon Overview and Level Annotations

Branches:
Dungeon (3/15)

Altars:


Message History

You kill the ball python!
The gnoll shouts! x2
The gnoll enters a dispersal trap!
You blink.
A gnoll comes into view. It is wielding a +0 flail.
The gnoll blinks!
The gnoll hits you with a +0 spear.
Casting: Sandblast (safe; 1% risk of failure)
Confirm with . or Enter, or press ? or * to list all spells.
Aiming: Sandblast (safe; 1% risk of failure)
Press: ? - help, Shift-Dir - straight line, f - gnoll
Aim: a gnoll, wielding a +0 spear (85% to hit)
The blast of sand hits the gnoll!
The gnoll is almost dead.
The gnoll shouts!
The gnoll hits you with a +0 spear.
Casting: Sandblast (safe; 1% risk of failure)
Confirm with . or Enter, or press ? or * to list all spells.
Aiming: Sandblast (safe; 1% risk of failure)
Press: ? - help, Shift-Dir - straight line, f/p - gnoll
Aim: a gnoll, wielding a +0 spear (almost dead, 85% to hit)
The blast of sand misses the gnoll.
The gnoll misses you. The gnoll barely misses you.
The gnoll hits you with a +0 spear.
Unknown command.
Casting: Sandblast (safe; 1% risk of failure)
Confirm with . or Enter, or press ? or * to list all spells.
Aiming: Sandblast (safe; 1% risk of failure)
Press: ? - help, Shift-Dir - straight line, f/p - gnoll
Aim: a gnoll, wielding a +0 spear (almost dead, 85% to hit)
The blast of sand hits the gnoll!!
You kill the gnoll!
The gnoll completely misses you. The gnoll hits you with a +0 club!
Your Spellcasting skill increases to level 5!
Casting: Sandblast (safe; 1% risk of failure)
Confirm with . or Enter, or press ? or * to list all spells.
Aiming: Sandblast (safe; 1% risk of failure)
Press: ? - help, Shift-Dir - straight line, f - gnoll
Aim: a gnoll, wielding a +0 flail (85% to hit)
The blast of sand hits the gnoll!
The gnoll is severely wounded.
The gnoll hits you with a +0 club. The gnoll hits you with a +0 flail!
You die...

#####.#####.##...............#
....#.....................####
#.............>.........#
.####.#####.##............#
........# #.##............#
#######.# #.##............#
..#####.# #.##............##
........# #.##..g..........#
######### #.##..@..#######.#
....... ..####g#^........#
..#####.# ### #†###########
...# # .r. ........ ...#
.....#######... ..... .......
## ..#.#.# .....#### .......
#.....# ..#.#.# #....$#


You could see 2 gnolls and a quokka.

Vanquished Creatures
  Terence (D:2)
  A gnoll (D:3)
  4 adders (D:2)
  A dart slug (D:1)
  An orc (D:3)
  6 ball pythons
  3 bats
  5 endoplasms
  6 giant cockroaches
  6 goblins
  6 hobgoblins
  2 quokkas (D:2)
  4 frilled lizards
  6 kobolds
  7 rats
59 creatures vanquished.

Notes
Turn   | Place    | Note
-------+----------+-------------------------------------------
     0 | D:1      | rageheart7 the Deep Elf Earth Elementalist began the quest
                  | for the Orb.
     0 | D:1      | Reached XP level 1. HP: 10/10 MP: 6/6
    84 | D:1      | Reached XP level 2. HP: 15/15 MP: 4/8
   381 | D:1      | Reached XP level 3. HP: 8/19 MP: 0/10
   493 | D:1      | Found a faded altar of an unknown god.
   905 | D:2      | Reached skill level 4 in Spellcasting
   955 | D:2      | Reached XP level 4. HP: 23/24 MP: 8/12
  1563 | D:2      | Noticed Terence
  1567 | D:2      | Killed Terence
  1907 | D:3      | Learned a level 3 spell: Stone Arrow
  2043 | D:3      | Reached skill level 5 in Spellcasting
  2043 | D:3      | Slain by a gnoll

Illustrated notes

Levels and vault maps discovered:
D:1:      evilmike_arrival_hilbert_curve, layout_rooms,
          dreamdust_ecumenical_altar_grove, minmay_worlds_worst_comb
D:2:      wad_crossroads, layout_loops_ring, columned_hall_lemuel,
          nicolae_half_adder, uniq_terence
D:3:      layout_basic, serial_co_window_serial, co_window_paths_b,
          co_window_of_opportunity_a, co_window_paths_a, co_window_paths_b,
          co_window_paths_a, co_window_of_opportunity_a, co_window_corner_a,
          co_window_corner_b, co_window_2corner, co_window_2corner,
          co_window_2corner, co_window_paths_d, co_window_sun, glass_columns_a,
          glass_columns_c, glass_columns_c, guppyfry_early_orc_mine

Skill      XL: |  1  2  3  4 |
---------------+-------------+-----
Spellcasting   | 4 5 |  5.0
Earth Magic    | 4 |  4.7
Dodging        | |  2.8
Stealth        | |  2.8
Transmutations | |  1.6

Action                     |  1- 3 |  4- 6 || total
---------------------------+-------+-------++-------
  Melee: Unarmed           |     1 |     5 ||     6
         Punch             |       |     1 ||     1
   Cast: Sandblast         |    53 |    27 ||    80
    Use: Scroll            |       |     4 ||     4
   Stab: Sleeping          |       |     1 ||     1
 Armour: Robe              |    20 |     7 ||    27
  Dodge: Dodged            |    18 |     7 ||    25

Table legend: (Time is in decaauts)
 A = Elapsed time spent in this place.
 B = Non-inter-level travel time spent in this place.
 C = Inter-level travel time spent in this place.
 D = Time resting spent in this place.
 E = Time spent auto-exploring this place.
 F = Levels seen in this place.
 G = Mean time per level.
                   A        B        C        D        E       F      G
               +--------+--------+--------+--------+--------+-----+--------+
         Total |   2081 |   1975 |    106 |      0 |   1676 |   3 |  693.7 |
       Dungeon |   2081 |   1975 |    106 |      0 |   1676 |   3 |  693.7 |
               +--------+--------+--------+--------+--------+-----+--------+

Top non-repeatable levels by time:
     D:2: 1011 daAuts
     D:1: 922 daAuts
     D:3: 147 daAuts
